Map: Simulação de Realidades LE

Players

fernandao

  • Race: Protoss Protoss
  • Spawn Location: 6:00

VOD

Have the link to the VOD?

Description

Time

  • Played on: Nov. 26, 2022, 1:07 p.m.
  • Length: 41:18
Show
View Real Time Build Order
Export as new Build Order

fernandao Protoss 

Build Orders:  

Get SALT Encoding   

  12  0:01  Probe  
  13  0:13  Probe  
  14  0:21  Pylon  
  14  0:25  Probe  
  15  0:29  Assimilator  
  15  0:39  Probe  
  16  0:47  Gateway  
  16  0:51  Probe  
  17  1:03  Probe  
  18  1:07  Probe x12  
  19  1:19  Unknown  
  19  1:24  Probe  
  13  1:36  Probe  
  14  1:45  Pylon  
  14  1:48  Probe  
  15  1:57  Assimilator  
  15  2:03  Probe  
  16  2:15  Probe  
  17  2:16  Gateway  
  17  2:19  Assimilator  
  17  2:27  Probe  
  18  2:39  Probe  
  19  2:51  Probe  
  20  3:03  Probe  
  21  3:07  Cybernetics Core  
  21  3:15  Probe  
  22  3:23  Nexus  
  22  4:00  Stargate  
  22  4:53  Probe x12  
  22  5:05  Unknown  
  12  5:11  Probe  
  13  5:23  Probe  
  14  5:30  Pylon  
  14  5:35  Probe  
  15  5:44  Assimilator  
  15  5:48  Probe  
  16  5:50  Assimilator  
  16  5:57  Probe x12  
  17  6:09  Unknown  
  12  6:14  Probe  
  13  6:26  Probe  
  14  6:33  Pylon  
  14  6:38  Probe  
  15  6:44  Assimilator  
  15  6:51  Probe  
  16  6:55  Probe x12  
  16  7:07  Unknown  
  12  7:11  Probe  
  13  7:23  Probe  
  14  7:31  Pylon  
  14  7:35  Probe  
  15  7:40  Assimilator  
  15  7:49  Probe  
  16  7:57  Gateway  
  16  8:02  Assimilator  
  16  8:04  Probe  
  17  8:29  Probe  
  18  8:41  Probe  
  18  8:45  Cybernetics Core  
  19  9:04  Nexus  
  19  9:07  Probe  
  20  9:15  Pylon  
  20  9:16  Probe x12  
  21  9:28  Unknown  
  12  9:33  Probe  
  13  9:45  Probe  
  14  9:52  Pylon  
  14  9:57  Probe  
  15  10:03  Assimilator  
  15  10:10  Probe  
  16  10:16  Gateway  
  16  10:22  Assimilator  
  16  10:25  Probe  
  17  10:37  Probe  
  18  10:49  Probe  
  19  11:03  Cybernetics Core  
  19  11:05  Probe x12  
  19  11:17  Unknown  
  12  11:22  Probe  
  13  11:34  Probe  
  14  11:41  Pylon  
  14  11:46  Probe  
  15  11:53  Assimilator  
  15  11:59  Probe  
  16  12:06  Gateway  
  16  12:12  Assimilator  
  16  12:14  Probe  
  17  12:28  Probe  
  18  12:43  Probe  
  19  12:55  Cybernetics Core  
  19  12:58  Pylon  
  19  13:19  Nexus  
  19  13:22  Probe  
  22  13:36  Probe x12  
  22  13:48  Unknown  
  12  13:53  Probe  
  13  14:05  Probe  
  14  14:12  Assimilator  
  14  14:13  Probe x12  
  14  14:25  Unknown  
  14  14:30  Probe  
  13  14:42  Probe  
  14  14:49  Pylon  
  14  14:54  Probe  
  14  14:58  Assimilator  
  15  15:07  Probe  
  16  15:15  Gateway  
  16  15:20  Probe  
  17  15:32  Probe  
  18  15:44  Probe  
  19  15:56  Probe  
  20  16:06  Cybernetics Core  
  20  16:14  Nexus  
  20  16:18  Pylon  
  20  16:23  Probe  
  21  16:29  Assimilator  
  21  16:35  Probe  
  22  16:47  Stargate, Adept  
  24  16:55  Probe  
  25  17:17  Stargate, Adept  
  27  17:39  Probe x12  
  27  17:51  Unknown  
  12  17:55  Probe  
  13  18:07  Probe  
  14  18:15  Pylon  
  15  18:20  Probe  
  15  18:24  Assimilator  
  15  18:33  Probe  
  16  18:46  Probe x12  
  17  18:58  Unknown  
  13  19:02  Probe  
  13  19:15  Probe  
  14  19:22  Pylon  
  14  19:27  Probe  
  15  19:31  Assimilator  
  15  19:40  Probe  
  16  19:47  Gateway  
  16  19:52  Probe  
  17  20:04  Probe  
  18  20:16  Probe  
  19  20:28  Probe  
  19  20:35  Cybernetics Core  
  20  20:46  Nexus  
  20  20:51  Pylon  
  20  20:55  Probe  
  21  21:03  Assimilator  
  21  21:07  Probe  
  22  21:16  Stargate  
  22  21:20  Adept  
  24  21:29  Probe  
  25  21:41  Probe  
  26  21:50  Adept  
  28  21:55  Assimilator  
  28  22:00  Oracle (Chrono Boost)  
  31  22:14  Stargate  
  31  22:50  Void Ray  
  35  22:56  Probe  
  40  23:05  Pylon  
  40  31:38  Probe x12  
  40  31:50  Unknown  
  12  31:55  Probe  
  13  32:07  Probe  
  14  32:14  Pylon  
  14  32:19  Assimilator  
  14  32:22  Probe  
  15  32:34  Probe  
  16  32:49  Probe x12  
  17  33:01  Unknown  
  12  33:07  Probe  
  13  33:19  Probe  
  14  33:26  Pylon  
  14  33:31  Probe  
  15  33:36  Assimilator  
  15  33:44  Probe  
  16  33:54  Gateway  
  16  33:56  Probe (Chrono Boost)  
  17  34:08  Probe (Chrono Boost)  
  18  34:13  Probe (Chrono Boost)  
  19  34:22  Probe  
  20  34:34  Probe  
  21  34:43  Cybernetics Core  
  21  34:46  Probe  
  22  34:55  Nexus  
  22  35:01  Probe  
  22  35:02  Pylon  
  23  35:21  Adept  
  25  35:26  Stargate  
  25  35:27  Assimilator  
  25  35:31  Probe  
  26  35:43  Probe  
  27  35:51  Assimilator  
  303  35:57  Adept  
  29  36:06  Probe  
  29  36:09  Oracle  
  33  36:20  Probe  
  34  36:32  Probe  
  35  36:33  Pylon  
  35  36:36  Pylon  
  35  36:45  Stargate  
  35  37:28  Probe (Chrono Boost)  
  37  37:34  Probe (Chrono Boost)  
  37  37:38  Probe (Chrono Boost)  
  37  37:42  Probe (Chrono Boost)  
  37  37:43  Probe (Chrono Boost)  
  47  37:44  Void Ray x2  
  47  37:48  Protoss Air Armor Level 1 (Chrono Boost)  
  48  37:53  Probe  
  48  37:55  Probe  
  50  38:05  Probe  
  51  38:07  Probe  
  51  38:11  Assimilator  
  52  38:17  Probe  
  52  38:19  Probe  
  58  38:29  Probe  
  58  38:31  Probe  
  58  38:34  Void Ray  
  61  38:48  Probe  
Tags
 
Add a new tag
Caveats
  • Supply blocks, unpowered buildings, or Contaminate may cause inaccurate times.
  • Supply counts are checked every 10 seconds.